AoeStats
← jantotu

Arabia

509943705Analyzed
1v1 RM · 4d ago on Sep 28, 2026· 70m 36s· 2 players
Game mode
Random Map
Map size
Tiny (2 player)
Population
200
Speed
Normal
Resources
Standard
Victory
Conquest
Starting age
Dark Age
Ending age
Imperial Age
RankedLock teamsTeams togetherTeam positionsShared explorationLock speedFull tech treeHidden civsTurbo modeCheats
Victory
Defeat
🇨🇭 Koreans · Switzerland
1274
+18
🇺🇸 Ethiopians · United States
1321
-22
Urg5665
5:24 Loom
8:36 Feudal Age
8:41 Man-at-Arms
11:02 Double-Bit Axe
13:42 Fletching
15:28 Horse Collar
18:19 Padded Archer Armor
21:53 Castle Age
22:48 Bow Saw
22:21 Elite Skirmisher
23:21 Bodkin Arrow
38:44 Wheelbarrow
40:02 Scale Barding Armor
41:04 Chain Barding Armor
43:10 Husbandry
43:29 Thumb Ring
46:11 Hand Cart
45:57 Town Watch
46:42 Stone Mining
50:26 Imperial Age
48:47 Leather Archer Armor
49:19 Gold Mining
52:13 Chemistry
51:15 Bracer
55:02 Forging
55:39 Cavalier
57:46 Iron Casting
58:00 Masonry
57:44 Cavalier
59:09 Conscription
61:56 Light Cavalry
65:40 Squires
69:48 Ballistics
jantotu
10:04 Loom
13:02 Feudal Age
17:17 Castle Age
16:51 Fletching
19:06 Crossbowman
19:52 Man-at-Arms
25:59 Double-Bit Axe
26:13 Bodkin Arrow
36:55 Bow Saw
38:29 Wheelbarrow
43:12 Ballistics
45:36 Imperial Age
46:31 Hand Cart
45:42 Arbalester
46:28 Thumb Ring
46:27 Bracer
48:26 Two-Man Saw
50:32 Chemistry
62:10 Scale Barding Armor
62:16 Forging
62:07 Scale Mail Armor
62:00 Light Cavalry
62:41 Husbandry
62:33 Pikeman
63:14 Squires
63:37 Chain Barding Armor
64:18 Iron Casting
63:06 Hussar
65:15 Horse Collar
67:24 Conscription
Connection lost

Rejoining the realm…

Still unreachable

The connection could not be restored.

Session expired

The server has moved on; the page needs a fresh start.